 Dungeon Crawl Stone Soup version 0.30-a0-121-gb27577e5d9 (webtiles) character file.

Game seed: 4116068737322562886

5 Flugkiller the Insei (level 1, -1/14 HPs)
             Began as an Octopode Gladiator on Sept 14, 2022.
             Slain by a jackal (3 damage)
             ... on level 1 of the Dungeon.
             The game lasted 00:01:07 (215 turns).

Flugkiller the Insei (Octopode Gladiator)            Turns: 215, Time: 00:01:08

Health: -1/14      AC:  1    Str: 13    XL:     1   Next: 80%
Magic:  1/1        EV: 13    Int: 10    God:
Gold:   23         SH:  0    Dex: 13    Spells: 0/0 levels left

rFire   . . .      SeeInvis .      - Unarmed
rCold   . . .      Faith    .    (no shield)
rNeg    . . .      Spirit   .    a - +0 hat
rPois   .          Reflect  .    (no amulet)
rElec   .          Harm     .    (no ring)
rCorr   .          Rampage  .    (no ring)
Will    .....                    (no ring)
Stlth   ++++......               (no ring)
HPRegen 0.04/turn                (no ring)
MPRegen 0.07/turn                (no ring)
                                 (no ring)
                                 (no ring)

@: no status effects
A: almost no armour, amphibious, 8 rings, camouflage 1, gelatinous body 1,
nimble swimmer 1, tentacles
a: no special abilities


You were on level 1 of the Dungeon.
You visited 1 branch of the dungeon, and saw 1 of its levels.

You collected 23 gold pieces.

Inventory:

Missiles
 b - 3 throwing nets (quivered)
 c - a javelin
 d - 4 poisoned darts
Armour
 a - a +0 hat (worn)
Scrolls
 e - a scroll of silence {unknown}
 g - 3 scrolls of enchant armour {unknown}
Potions
 f - a potion of resistance {unknown}


   Skills:
 - Level 2.0 Fighting
 - Level 2.0 Throwing
 - Level 3.0 Dodging
 + Level 1.3 Stealth
 + Level 3.2 Unarmed Combat


You couldn't memorise any spells.
You didn't know any spells.
Your spell library was empty.

Dungeon Overview and Level Annotations

Branches:
Dungeon (1/15) Zot: 5784

Altars:


Innate Abilities, Weirdness & Mutations

You cannot wear most types of armour.
You are amphibious.
You can wear up to eight rings at the same time.
Your skin changes colour to match your surroundings (Stealth+).
Your rubbery body absorbs attacks. (AC +1, EV +1)
You are camouflaged when in or above water. (Stealth+)
You have tentacles for arms and can constrict up to eight enemies at once.


Message History

You see here a +0 chain mail.
e - a scroll labelled YLOKEN DUELUT
Found a fizzy emerald potion.
f - a fizzy emerald potion You open the door.
There is an open door here.
Found 2 gold pieces.
Found 3 scrolls labelled TALOPR LYNEST.
Found 4 stones.
You now have 2 gold pieces.
g - 3 scrolls labelled TALOPR LYNEST 2 endoplasms come into view.
Found 11 gold pieces.
The helpless endoplasm fails to defend itself.
You tentacle-slap the endoplasm. Your squeeze misses the endoplasm.
The endoplasm is almost dead.
The endoplasm hits you.
You tentacle-slap the endoplasm.
You kill the endoplasm!
You see here 11 gold pieces.
You now have 13 gold pieces (gained 11).
The endoplasm misses you.
You tentacle-slap the endoplasm.
The endoplasm is heavily wounded.
You tentacle-slap the endoplasm.
You kill the endoplasm!
No target in view!
You open the door.
There is an open door here.
You start resting.
HP restored.
You open the door.
There is an open door here.
You open the large door.
There is a large open door here.
Found a stone staircase leading down.
Found a faded altar of an unknown god.
A giant cockroach comes into view.
Found a stone staircase leading down.
Found 10 gold pieces.
There is a faded altar of an unknown god here.
This altar belongs to (a) Makhleb, (b) Uskayaw or (c) Vehumet, but you can't tell which.
Press the corresponding letter to learn more about a god, or press enter to convert or escape to cancel.
Okay, then.
Found a leather armour.
The giant cockroach misses you. The giant cockroach bites you.
You tentacle-slap the giant cockroach but do no damage.
You grab the giant cockroach.
You constrict the giant cockroach, but do no damage.
The giant cockroach misses you.
You tentacle-slap the giant cockroach.
The giant cockroach is moderately wounded.
You constrict the giant cockroach. The giant cockroach bites you.
You tentacle-slap the giant cockroach.
The giant cockroach is almost dead.
You constrict the giant cockroach.
You kill the giant cockroach!
Your Stealth skill increases to level 1!
A bat comes into view.
You see here 10 gold pieces.
You now have 23 gold pieces (gained 10).
A jackal comes into view. 2 jackals come into view.
The jackal barks! x2; You hear a shout!
An endoplasm comes into view.
A jackal comes into view.
The jackal attacks as you move away! The jackal bites you.
The jackal barely misses you.
You tentacle-slap the jackal. You grab the jackal. You squeeze the jackal.
The jackal is moderately wounded.
You constrict the jackal. The jackal barely misses you.
You tentacle-slap the jackal.
You kill the jackal!
The jackal closely misses you.
A ball python comes into view.
The ball python hisses angrily.
You tentacle-slap the jackal. Your grab misses the jackal.
The jackal is moderately wounded.
An endoplasm comes into view.
The jackal completely misses you.
The endoplasm quivers.
You tentacle-slap the jackal. Your grab misses the jackal.
The jackal is severely wounded.
The jackal barely misses you.
The endoplasm quivers.
You tentacle-slap the jackal but do no damage.
Your grab misses the jackal. Your squeeze misses the jackal.
The jackal is severely wounded.
The jackal completely misses you. The jackal closely misses you.
The jackal attacks as you move away! The jackal bites you.
The jackal attacks as you move away! The jackal bites you. x3
* * * LOW HITPOINT WARNING * * *
The jackal attacks as you move away! The jackal misses you.
The endoplasm jiggles.
Okay, then.
Okay, then.
The jackal attacks as you move away! The jackal barely misses you.
The bat hits you but does no damage. The jackal closely misses you.
A dart slug comes into view.
The jackal bites you.
You die...

#........≈≈≈≈~≈≈≈≈~.#
#.......~~~~~~~≈≈≈..#
#......~.~≈~.~~~≈~~.#
#........~~~♣_.≈≈≈~.#
#..>...~.~~≈~~.≈≈≈≈~#
.........~≈~≈≈≈≈≈~.~#
........~~≈≈≈≈≈≈≈~..#
.......~~~~~~~~≈≈≈..#
.........~~~...~@~~.#
........~..~..~hh~..###
...............bhS......
.......[..........####.#
................J......w
............#........
...........J##......
...........# #.....
...###.....# ##...


You could see a dart slug (wandering), 2 endoplasms, 3 jackals, a bat and a ball
python.

Vanquished Creatures
  2 endoplasms (D:1)
  A giant cockroach (D:1)
  A jackal (D:1)
4 creatures vanquished.

Notes
Turn   | Place    | Note
-------+----------+-------------------------------------------
     0 | D:1      | Flugkiller the Octopode Gladiator began the quest for the
                  | Orb.
     0 | D:1      | Reached XP level 1. HP: 14/14 MP: 1/1
   171 | D:1      | Found a faded altar of an unknown god.
   191 | D:1      | Reached skill level 1 in Stealth
   215 | D:1      | Slain by a jackal

Illustrated notes

Levels and vault maps discovered:
D:1:      ebering_trefoil_twist, layout_basic, serial_curves, eino_curves_01,
          eino_curves_01, chequers_ecumenical_altar_island, serial_shops,
          shop_statue, minmay_misc_feat_encased, minmay_misc_feat_secret_circle

Skill      XL: |  1 |
---------------+----+-----
Stealth        | 1 |  1.3
Fighting       | |  2.0
Throwing       | |  2.0
Dodging        | |  3.0
Unarmed Combat | |  3.2

Action                   || total
-------------------------++-------
Melee: Unarmed           ||    12
       Constrict         ||     2
       Tentacles         ||     1
 Stab: Sleeping          ||     1
Armor: Skin              ||     1
Dodge: Dodged            ||    13

Table legend: (Time is in decaauts)
 A = Elapsed time spent in this place.
 B = Non-inter-level travel time spent in this place.
 C = Inter-level travel time spent in this place.
 D = Time resting spent in this place.
 E = Time spent auto-exploring this place.
 F = Levels seen in this place.
 G = Mean time per level.
                   A        B        C        D        E       F      G
               +--------+--------+--------+--------+--------+-----+--------+
         Total |    214 |    214 |      0 |     25 |      0 |   1 |  214.0 |
       Dungeon |    214 |    214 |      0 |     25 |      0 |   1 |  214.0 |
               +--------+--------+--------+--------+--------+-----+--------+

Top non-repeatable levels by time:
     D:1: 214 daAuts
